 Dungeon Crawl Stone Soup version 0.28-a0-1152-g9c71ebef14 (webtiles) character file.

Game seed: 16171407423827054068

588 spaghetti the Skirmisher (level 7, -8/79 HPs)
             Began as an Ogre Delver on Dec 14, 2021.
             Mangled by a wyvern zombie (14 damage)
             ... on level 7 of the Dungeon.
             The game lasted 00:07:03 (5583 turns).

spaghetti the Skirmisher (Ogre Delver)              Turns: 5583, Time: 00:07:04

Health: -8/79      AC:  4    Str: 19    XL:     7   Next: 38%
Magic:  7/7        EV: 10    Int: 11    God:
Gold:   194        SH:  0    Dex: 12    Spells: 6/6 levels left

rFire   . . .      SeeInvis .   a - +0 mace (venom) {mace}
rCold   . . .      Faith    .   (no shield)
rNeg    . . .      Spirit   .   b - +1 robe
rPois   .          Reflect  .   (helmet restricted)
rElec   .          Harm     .   (no cloak)
rCorr   .          Rampage  .   (gloves unavailable)
Will    .....                   (boots unavailable)
Stlth   ++........              p - amulet of the acrobat
HPRegen 0.23/turn               (no ring)
MPRegen 0.10/turn               (no ring)

@: hasted, very quick
A: large, unfitting armour, tough skin 1, agile 1
a: no special abilities


You were on level 7 of the Dungeon.
You visited 1 branch of the dungeon, and saw 8 of its levels.

You collected 194 gold pieces.


Innate Abilities, Weirdness & Mutations

You are too large for most types of armour.
You have tough skin. (AC +1)
You are agile. (Dex +2)


   Skills:
 + Level 7.8 Fighting
 + Level 4.5 Maces & Flails
 + Level 2.9 Throwing
 - Level 1.7 Dodging
 - Level 3.7 Stealth


You had 6 spell levels left.
You didn't know any spells.
Your spell library contained the following spells:

 Spells                   Type           Power      Damage    Failure   Level
 Animate Skeleton         Necr           0%         N/A       34%         1
 Magic Dart               Conj           0%         1d3       34%         1
 Pain                     Necr           0%         1d4       34%         1
 Blink                    Tloc           0%         N/A       47%         2
 Call Imp                 Summ           0%         N/A       47%         2
 Mephitic Cloud           Conj/Pois/Air  0%         N/A       71%         3
 Vampiric Draining        Necr           0%         2d6       71%         3
 Manifold Assault         Tloc           0%         N/A       100%        5
 Storm Form               Tmut/Air       0%         N/A       100%        7

Inventory:

Hand Weapons
 a - a +0 mace of venom (weapon) {mace}
Missiles
 e - 7 poisoned darts {throwing}
 j - 39 arrows
 k - 282 stones (quivered) {throwing}
 l - 20 bolts
 n - 5 javelins {throwing}
 u - a boomerang {throwing}
Armour
 b - a +1 robe (worn)
Jewellery
 p - an amulet of the acrobat (around neck)
   (You found it on level 2 of the Dungeon)
Wands
 g - a wand of digging (3)
 h - a wand of mindburst (20)
   (You found it on level 7 of the Dungeon)
Scrolls
 c - a scroll of fog
 d - a scroll of magic mapping {!r}
 m - a scroll of enchant armour
 o - a scroll of silence {!r}
 s - a scroll of brand weapon
 t - 4 scrolls of identify {@r1}
Potions
 f - a potion of haste {@q3}
 i - a potion of resistance
 q - a potion of cancellation
 r - a potion of berserk rage {!q}

Dungeon Overview and Level Annotations

Branches:
Dungeon (8/15)
 Temple: D:4-7         Lair: D:8-11

Altars:
Sif Muna

#........#
#.....
#..#+#.#.#
#.....
#..#.....#
#.....
###..#.#.##.
#.....
#......#.# ..
######
#........# .. #
#......### ....#
#......####....#
#.......@Z......
#...............
#.....#######...
#.....# $
#.....# #.....#
....... .......


You could see a wyvern zombie.


Message History

No target in view!
No target in view!
No target in view!
A scorpion is nearby! 😕 HP[+3]
You regained 3 hp, and now have 78/79 hp.
A scorpion is nearby! 😎 HP[+1]
Your hp is fully restored (79).
You barely miss the scorpion. The scorpion stings you!
The scorpion stings you. 😕 HP[-12]
You take 12 damage, and now have 67/79 hp.
You sock the scorpion!
The scorpion is poisoned.
The scorpion stings you but does no damage.
You barely miss the scorpion.
You kill the scorpion!
No target in view!
No target in view!
No target in view!
No target in view!
No target in view!
No target in view!
No target in view!
No target in view!
No target in view!
No target in view!
No target in view!
No target in view!
No target in view!
A wyvern zombie comes into view.
The wyvern zombie moves out of view. 😎 HP[+12]
Your hp is fully restored (79).
The wyvern zombie misses you.
You hit the wyvern zombie. The wyvern zombie closely misses you.
The wyvern zombie barely misses you.
You hit the wyvern zombie. The wyvern zombie barely misses you.
You sock the wyvern zombie!
The wyvern zombie bites you. x2 😕 HP[-11]
You take 11 damage, and now have 68/79 hp.
You hit the wyvern zombie. The wyvern zombie bites you! 😮 HP[-11]
You take 11 damage, and now have 57/79 hp.
You are too injured to fight recklessly!
You are too injured to fight recklessly!
You are too injured to fight recklessly!
You are too injured to fight recklessly!
You are too injured to fight recklessly!
You are too injured to fight recklessly!
You are too injured to fight recklessly!
You are too injured to fight recklessly!
A wyvern zombie is nearby!
You hit the wyvern zombie but do no damage.
The wyvern zombie completely misses you.
The wyvern zombie bites you. 😮 HP[-6]
You take 6 damage, and now have 51/79 hp.
You hit the wyvern zombie. The wyvern zombie bites you. 😮 HP[-6]
You take 6 damage, and now have 45/79 hp.
You hit the wyvern zombie. The wyvern zombie bites you!
* * * LOW HITPOINT WARNING * * *
The wyvern zombie bites you.
* * * LOW HITPOINT WARNING * * *
😨 HP[-15]
You take 15 damage, and now have 30/79 hp.
You hit the wyvern zombie.
The wyvern zombie barely misses you. 😨 HP[+1]
You hit the wyvern zombie. The wyvern zombie misses you.
The wyvern zombie bites you.
* * * LOW HITPOINT WARNING * * *
😨 HP[-3]
You take 3 damage, and now have 28/79 hp.
Okay, then.
Okay, then.
Really quaff
r - a potion of berserk rage {!q}?
Okay, then.
Unknown command.
You hit the wyvern zombie but do no damage.
The wyvern zombie bites you.
* * * LOW HITPOINT WARNING * * *
😨 HP[-4]
You take 4 damage, and now have 24/79 hp.
Unknown command.
Unknown command.
You barely miss the wyvern zombie. The wyvern zombie bites you.
* * * LOW HITPOINT WARNING * * *
The wyvern zombie bites you.
* * * LOW HITPOINT WARNING * * *
😱 HP[-6]
You take 6 damage, and now have 18/79 hp.
You hit the wyvern zombie. The wyvern zombie misses you.
The wyvern zombie bites you!
* * * LOW HITPOINT WARNING * * *
😱 HP[-12]
You take 12 damage, and now have 6/79 hp.
Unknown command.
Okay, then.
You feel yourself speed up. The wyvern zombie bites you!
You die...

Skill      XL: |  1  2  3  4  5  6 |
---------------+-------------------+-----
Fighting       | 5 6 7 |  7.8
Maces & Flails | 3 4 |  4.5
Throwing       | 1 2 |  2.9
Dodging        | |  1.7
Stealth        | |  3.7

Action                   |  1- 3 |  4- 6 |  7- 9 || total
-------------------------+-------+-------+-------++-------
Melee: Mace              |     7 |   211 |    22 ||   240
  Use: Scroll            |     2 |     9 |       ||    11
       Potion            |       |     8 |     1 ||     9
 Stab: Distracted        |     1 |     1 |       ||     2
       Sleeping          |     1 |    14 |       ||    15
Armor: Robe              |     5 |    56 |     3 ||    64
       Skin              |       |    25 |       ||    25
Dodge: Dodged            |     3 |   108 |    13 ||   124

Levels and vault maps discovered:
D:1:      dpeg_arrival_water_altar, layout_loops_cross, corexii_corridor_pit
D:2:      layout_basic, hellmonk_ecumenical_altar_leap_of_faith
D:3:      layout_rooms
D:4:      minmay_evil_eye, layout_basic, cheibrodos_sewer_entry_sluice,
          hangedman_decor_diamond_cutter, eino_small_chamber_without_monster,
          moated_statue
D:5:      layout_loops_ring
D:6:      layout_loops_ring, minmay_misc_feat_cross, kennysheep_minor_cross
D:7:      layout_basic, temple_fountains, hellmonk_ghost_happy_afterlife
D:8:      layout_rooms, mainiacjoe_overflow_catwalk, nicolae_lava_and_water,
          st_stairs_5, nicolae_grassy_gnolls, uniq_harold, uniq_erica,
          uniq_gastronok

Notes
Turn   | Place    | Note
-------+----------+-------------------------------------------
     0 | D:5      | spaghetti the Ogre Delver began the quest for the Orb.
     0 | D:5      | Reached XP level 1. HP: 24/24 MP: 1/1
     0 | D:5      | magus.rc [v1.9.6]
    91 | D:5      | Reached XP level 2. HP: 29/33 MP: 2/2
   236 | D:5      | Noticed a black bear
   252 | D:5      | Killed a black bear
   253 | D:5      | Reached skill level 5 in Fighting
   253 | D:5      | Reached skill level 3 in Maces & Flails
   253 | D:5      | Reached XP level 3. HP: 24/44 MP: 3/3
   253 | D:5      | Reached XP level 4. HP: 28/52 MP: 4/4
   494 | D:5      | HP: 10/52 [orc priest/divine providence (12)]
   494 | D:5      | HP: 2/52 [orc priest (7)]
   506 | D:5      | Reached skill level 6 in Fighting
   506 | D:5      | Reached XP level 5. HP: 13/59 MP: 5/5
  1283 | D:2      | Found a faded altar of an unknown god.
  1291 | D:2      | You pick up a book of Minor Magic and begin reading...
  1291 | D:2      | You add the spells Magic Dart, Call Imp and Mephitic Cloud
                  | to your library.
  2087 | D:1      | You add the spells Blink, Manifold Assault and Storm Form
                  | to your library.
  2094 | D:1      | Gained mutation: Your body sometimes deteriorates upon
                  | taking damage. [potion of mutation]
  2094 | D:1      | Gained mutation: Your mind is acute. (Int +2) [potion of
                  | mutation]
  2095 | D:1      | Lost mutation: Your mind is acute. (Int +2) [potion of
                  | mutation]
  2095 | D:1      | Lost mutation: Your body sometimes deteriorates upon taking
                  | damage. [potion of mutation]
  2095 | D:1      | Gained mutation: You are agile. (Dex +2) [potion of
                  | mutation]
  2510 | D:1      | You pick up a book of Necromancy and begin reading...
  2510 | D:1      | You add the spells Pain, Animate Skeleton and Vampiric
                  | Draining to your library.
  2805 | D:1      | Found a shimmering blue altar of Sif Muna.
  3342 | D:4      | Reached skill level 1 in Throwing
  3354 | D:4      | Reached XP level 6. HP: 49/68 MP: 6/6
  3692 | D:4      | Reached skill level 7 in Fighting
  4454 | D:5      | Reached skill level 4 in Maces & Flails
  4500 | D:5      | Reached skill level 2 in Throwing
  4853 | D:5      | Identified the +0 pair of boots of the Hidden Vale {Int+4}
  5001 | D:6      | Noticed an ice beast
  5013 | D:7      | HP: 12/71 [ice beast (14)]
  5016 | D:7      | Killed an ice beast
  5017 | D:7      | Reached XP level 7. HP: 10/78 MP: 7/7
  5018 | D:7      | HP: 8/78 [poisoned by a scorpion]
  5581 | D:7      | HP: 18/79 [wyvern zombie (3)]
  5582 | D:7      | HP: 6/79 [wyvern zombie (12)]
  5583 | D:7      | Mangled by a wyvern zombie

Vanquished Creatures
  An ice beast (D:7)
  A black bear (D:5)
  A scorpion (D:7)
  An orc priest (D:5)
  2 bullfrog skeletons
  A jelly (D:5)
  2 iguanas (D:5)
  2 orc wizards
  A river rat (D:4)
  An adder (D:4)
  A white imp (D:5)
  3 adder skeletons
  4 worms
  4 dart slugs
  11 orcs
  3 endoplasms
  7 giant cockroaches
  6 goblins
  6 hobgoblins
  3 jackals (D:2)
  6 quokkas
  5 ball pythons
  3 bats
  4 frilled lizards
  8 rats
87 creatures vanquished.

Table legend:
 A = Non-vault XP
 B = Vault XP
 C = Vault XP percentage of total XP
 D = Non-vault monster count
 E = Vault monster count
 F = Vault count percentage of total count
                 A         B        C        D         E       F
            +---------+---------+-------+---------+---------+-------
      Total |     809 |      31 |   3.7 |      80 |       7 |   8.0
            +---------+---------+-------+---------+---------+-------
        D:1 |      41 |       0 |   0.0 |      21 |       0 |   0.0
        D:2 |      18 |       0 |   0.0 |       9 |       0 |   0.0
        D:3 |      30 |       0 |   0.0 |      18 |       0 |   0.0
        D:4 |     125 |      31 |  19.9 |      14 |       7 |  33.3
        D:5 |     351 |       0 |   0.0 |      15 |       0 |   0.0
        D:7 |     244 |       0 |   0.0 |       3 |       0 |   0.0
            +---------+---------+-------+---------+---------+-------

Illustrated notes

Table legend:
 A = Kills in this place as a percentage of kills in entire the game.
 B = Kills by you in this place as a percentage of kills by you in the entire game.
 C = Kills by friends in this place as a percentage of kills by friends in the entire game.
 D = Other kills in this place as a percentage of other kills in the entire game.
 E = Experience gained in this place as a percentage of experience gained in the entire game.
 F = Experience gained in this place divided by the number of levels of this place that you have seen.
                   A       B       C       D       E      F
               +-------+-------+-------+-------+-------+----------------------
         Total | 100.0 | 100.0 |   N/A |   N/A | 100.0 | 105.0
       Dungeon | 100.0 | 100.0 |   N/A |   N/A | 100.0 | 105.0
               +-------+-------+-------+-------+-------+----------------------

Table legend: (Time is in decaauts)
 A = Elapsed time spent in this place.
 B = Non-inter-level travel time spent in this place.
 C = Inter-level travel time spent in this place.
 D = Time resting spent in this place.
 E = Time spent auto-exploring this place.
 F = Levels seen in this place.
 G = Mean time per level.
                   A        B        C        D        E       F      G
               +--------+--------+--------+--------+--------+-----+--------+
         Total |   5655 |   5248 |    407 |   1123 |   3356 |   8 |  706.9 |
       Dungeon |   5655 |   5248 |    407 |   1123 |   3356 |   8 |  706.9 |
               +--------+--------+--------+--------+--------+-----+--------+

Top non-repeatable levels by time:
     D:4: 1878 daAuts
     D:5: 1207 daAuts
     D:1: 891 daAuts
     D:2: 641 daAuts
     D:7: 573 daAuts
     D:3: 449 daAuts
     D:6: 11 daAuts
     D:8: 1 daAuts
